cohdb
Replays
Latest Replays
All Replays
Popular Replays
Top Player Replays
Match Explorer
How It Works
Community
CoH3 Stats
Reddit
Sign in to upload your games and track your stats! →
Sign in with Steam
Match 46548371
Unlisted
Match 46548371
Overview
Messages
Build Orders
End
Kradschützen Motorcycle Team
Selects Armored Support Battlegroup
Panzergrenadier Squad
250 Light Carrier
Construct Light Support Kompanie
Combat Half-tracks
250 Light Carrier
Selects Superior Fire Drills
Assault Grenadier Squad
Panzerjäger Mechanized Group
Selects Salvage Kits
Construct Mechanized Kompanie
MG34 Team
8 Rad Armored Car
Marder III Tank Destroyer
Selects Panzer Storm
Vehicle Survival Package
Assault Mechanized Group
Marder III Tank Destroyer
Support Armor Elements
Marder III Tank Destroyer
Emergency Repair Kits
StuG III D Assault Gun
SWORD SOUL
Epinephrine
Esxile
Atarax
0
0
Comments
sign in to comment!
No comments posted yet!